 Dungeon Crawl Stone Soup version 0.31-a0-198-g2ad674f65e (webtiles) character file.

Game seed: 6515246233034916068

381 qw the Skirmisher (level 6, -1/35 HPs)
             Began as a Deep Elf Hunter on June 25, 2023.
             Slain by Pikel
             ... wielding a +0 whip of flaming
              (3 damage)
             ... on level 4 of the Dungeon.
             The game lasted 00:01:06 (2698 turns).

qw the Skirmisher (Deep Elf Hunter)                 Turns: 2698, Time: 00:01:07

Health: -1/35      AC: 10    Str: 10    XL:     6   Next: 46%
Magic:  8/8        EV: 11    Int: 14    God:
Gold:   135        SH:  0    Dex: 18    Spells: 5/5 levels left

rFire   . . .        Y - +0 shortbow
rCold   . . .        (shield currently unavailable)
rNeg    . . .        i - +0 ring mail
rPois   .            e - +0 helmet
rElec   .            g - +0 cloak
rCorr   .            (no gloves)
SInv    .            j - +2 pair of boots
Will    .....        (no amulet)
Stlth   +            (no ring)
HPRegen 0.25/turn    (no ring)
MPRegen 0.11/turn

%: no passive effects
@: about to teleport
A: no striking features
a: no special abilities


You were on level 4 of the Dungeon.
You visited 1 branch of the dungeon, and saw 4 of its levels.

You collected 135 gold pieces.


   Skills:
 - Level 2.2 Fighting
 + Level 9.7 Ranged Weapons
 - Level 1.0 Armour
 - Level 2.4 Dodging
 - Level 1.2 Stealth


You had 5 spell levels left.
You didn't know any spells.
Your spell library was empty.

Inventory:

Hand Weapons
 Y - a +0 shortbow (weapon)
Armour
 e - a +0 helmet (worn)
 g - a +0 cloak (worn)
 i - a +0 ring mail (worn)
 j - a +2 pair of boots (worn)
Scrolls
 l - a scroll of identify
Potions
 a - a potion of invisibility {unknown}
 h - a potion of mutation
 k - a potion of magic {unknown}
 m - a potion of resistance

Dungeon Overview and Level Annotations

Branches:
Dungeon (4/15)
 Temple: D:4-7

Altars:
Hepliaklqana
Xom

Shops:
D:1 [

Annotations:
D:4 Ijyb, Pikel


Message History

You shoot an arrow. The arrow hits Pikel.
Pikel is moderately wounded.
Pikel waves his whip at you. Pikel barely misses you.
You shoot an arrow. The arrow barely misses Pikel.
The arrow completely misses the lemure.
The arrow hits the lemure.
The lemure is moderately wounded.
Pikel completely misses you.
You shoot an arrow.
The arrow hits Pikel but does no damage.
Pikel is moderately wounded.
Pikel hits you with a +0 whip of flaming.
Pikel burns you.
You shoot an arrow.
The arrow hits Pikel but does no damage.
Pikel is moderately wounded.
Pikel hits you but does no damage.
You shoot an arrow. The arrow closely misses Pikel.
The arrow hits the lemure!
The lemure is almost dead.
Pikel hits you but does no damage.
You shoot an arrow. The arrow hits Pikel.
Pikel is moderately wounded.
Pikel cracks his whip.
Pikel hits you with a +0 whip of flaming.
Pikel burns you.
You shoot an arrow. The arrow hits Pikel!
Pikel is heavily wounded.
Pikel says, "You'll burn in Gehenna!"
Pikel hits you with a +0 whip of flaming.
Pikel burns you.
2697 ||| READING scroll of teleportation.
As you read the scroll of teleportation, it crumbles to dust.
You feel strangely unstable. Pikel closely misses you.
You shoot an arrow.
The arrow hits Pikel but does no damage.
Pikel is heavily wounded.
Pikel hits you with a +0 whip of flaming!
Pikel burns you.
You die...

+.........#
#.........# #.....#
#.........# .....#
#.........# .....#
+.........#. .....#
#.........#.. #....#
#.........#... ##....#
#.........#...5#.....#
).........#..55K@....#
#.........#...5##....#
#.........###+###....#
+.........#..........#
#...##'####..........#
#...#.....#....##....#
....#.....#....#######
....#...%.#.....# ..
#.....'.....#


You could see Pikel and 4 lemures.

Vanquished Creatures
  Sigmund (D:2)
  2 hounds (D:4)
  Terence (D:2)
  Robin (D:3)
  5 adders
  2 dart slugs
  An orc (D:3)
  4 endoplasms
  5 giant cockroaches
  12 goblins
  8 hobgoblins
  2 quokkas
  11 ball pythons
  4 bats
  4 frilled lizards
  8 kobolds
  4 rats
75 creatures vanquished.

Notes
Turn   | Place    | Note
-------+----------+-------------------------------------------
     0 | D:1      | qw the Deep Elf Hunter began the quest for the Orb.
     0 | D:1      | Reached XP level 1. HP: 12/12 MP: 3/3
     0 | D:1      | 0 ||| qw: Version: 0.3-a-22-g0ed2b0b
     0 | D:1      | 0 ||| qw: Game counter: 5012
     0 | D:1      | 0 ||| qw: Melee chars always use a shield: true
     0 | D:1      | 0 ||| qw: God list: Okawaru
     0 | D:1      | 0 ||| qw: Allow faded altars: false
     0 | D:1      | 0 ||| qw: Do Orc after clearing Dungeon:15 true
     0 | D:1      | 0 ||| qw: Do second Lair branch before Depths: true
     0 | D:1      | 0 ||| qw: Lair rune preference: random
     0 | D:1      | 0 ||| qw: Goals: Normal
     0 | D:1      | 0 ||| PLANNING D:1-11
   208 | D:1      | Reached skill level 6 in Ranged Weapons
   208 | D:1      | Reached XP level 2. HP: 16/16 MP: 4/4
   419 | D:1      | Found Werilon's Armour Shop.
   422 | D:1      | 422 ||| SHOPLISTING +0 ring mail (44 gold, have 3).
   422 | D:1      | 422 ||| SHOPLISTING +0 robe "Xaucso" {rPois} (130 gold,
                  | have 3).
   422 | D:1      | 422 ||| SHOPLISTING +0 robe of resistance (304 gold, have
                  | 3).
   614 | D:1      | HP: 4/16 [hobgoblin (3)]
   615 | D:1      | HP: 1/16 [hobgoblin (3)]
   965 | D:1      | Reached XP level 3. HP: 20/20 MP: 5/5
   970 | D:1      | 970 ||| UPGRADING to +0 ring mail.
   980 | D:1      | 980 ||| DROPPING +0 leather armour.
   981 | D:1      | 981 ||| UPGRADING to +2 pair of boots.
   986 | D:1      | 986 ||| READING scroll labelled PYADUTYIVU.
   987 | D:1      | 987 ||| READING scroll labelled TUESHR FAHOABI.
  1023 | D:1      | 1023 ||| READING scroll labelled BEBICA RORA.
  1024 | D:1      | 1024 ||| READING scroll labelled SOUDAE RAGUT.
  1025 | D:1      | 1025 ||| READING 2 scrolls labelled WOKLEG KIF PYI.
  1026 | D:1      | 1026 ||| DROPPING scroll of butterflies.
  1101 | D:2      | Noticed Sigmund
  1117 | D:2      | Killed Sigmund
  1118 | D:2      | Reached skill level 9 in Ranged Weapons
  1118 | D:2      | Reached XP level 4. HP: 16/25 MP: 6/6
  1118 | D:2      | Reached XP level 5. HP: 19/29 MP: 7/7
  1326 | D:2      | Noticed Terence
  1332 | D:2      | Killed Terence
  1600 | D:2      | 1600 ||| READING scroll labelled MOIMUF SAOCH.
  1601 | D:2      | 1601 ||| DRINKING 2 fuming sapphire potions.
  1602 | D:2      | 1602 ||| READING 3 scrolls of identify.
  1602 | D:2      | 1602 ||| IDENTIFYING fizzy yellow potion
  1603 | D:2      | 1603 ||| READING 2 scrolls of identify.
  1603 | D:2      | 1603 ||| IDENTIFYING metallic cyan potion
  1995 | D:3      | Reached XP level 6. HP: 32/35 MP: 8/8
  2118 | D:3      | Found a hazy altar of Hepliaklqana.
  2119 | D:3      | Found a shimmering altar of Xom.
  2120 | D:3      | Noticed a spectral ugly thing
  2306 | D:3      | Noticed Robin
  2316 | D:3      | Killed Robin
  2394 | D:3      | 2394 ||| UPGRADING to +0 helmet.
  2399 | D:3      | 2399 ||| UPGRADING to +0 cloak.
  2404 | D:3      | 2404 ||| READING scroll labelled LAT IMIWIG.
  2405 | D:3      | 2405 ||| READING 3 scrolls labelled IDDAMI QUAQEO.
  2409 | D:3      | 2409 ||| READING 2 scrolls labelled CEWKEHAWIO.
  2410 | D:3      | 2410 ||| READING 2 scrolls of identify.
  2410 | D:3      | 2410 ||| IDENTIFYING bubbling inky potion
  2411 | D:3      | 2411 ||| DROPPING potion of brilliance.
  2412 | D:3      | 2412 ||| DROPPING scroll of noise.
  2454 | D:4      | 2454 ||| Stepping ~*~*~tactically~*~*~ (outnumbered).
  2457 | D:4      | 2457 ||| Stepping ~*~*~tactically~*~*~ (outnumbered).
  2483 | D:4      | Noticed Ijyb
  2500 | D:4      | HP: 5/35 [Ijyb/puff of flame (6)]
  2501 | D:4      | 2501 ||| READING 2 scrolls of teleportation.
  2502 | D:4      | 2502 ||| DRINKING potion of heal wounds.
  2534 | D:4      | Reached skill level 1 in Armour
  2676 | D:4      | Noticed Pikel
  2696 | D:4      | HP: 8/35 [Pikel/+0 whip of flaming (1)]
  2697 | D:4      | 2697 ||| READING scroll of teleportation.
  2698 | D:4      | HP: 2/35 [Pikel/+0 whip of flaming (7)]
  2698 | D:4      | Slain by Pikel

Levels and vault maps discovered:
D:1:      mrwooster_arrival_statue_3, layout_loops_corners, serial_shops,
          nicolae_shop_tiny_real_fake_doors, minmay_small_reverse_x
D:2:      layout_basic, uniq_sigmund, uniq_terence
D:3:      layout_basic, regret_index_temple_of_mockery, uniq_robin
D:4:      layout_gridville, amethyst_overflow_temple_binary,
          roderic_filled_cross, kennysheep_dice, uniq_pikel, uniq_ijyb

Skill      XL: |  1  2  3  4  5  6 |
---------------+-------------------+-----
Ranged Weapons | 6 9 |  9.7
Fighting       | 2 |  2.2
Armour         | 1 |  1.0
Dodging        | |  2.4
Stealth        | |  1.2

Action                     |  1- 3 |  4- 6 || total
---------------------------+-------+-------++-------
   Fire: Shortbow          |    82 |   172 ||   254
    Use: Scroll            |     5 |     9 ||    14
         Potion            |       |     2 ||     2
 Armour: Leather armour    |     5 |       ||     5
         Ring mail         |       |    35 ||    35
  Dodge: Dodged            |    19 |    53 ||    72

Table legend:
 A = Non-vault XP
 B = Vault XP
 C = Vault XP percentage of total XP
 D = Non-vault monster count
 E = Vault monster count
 F = Vault count percentage of total count
                 A         B        C        D         E       F
            +---------+---------+-------+---------+---------+-------
      Total |     244 |     301 |  55.2 |      62 |      13 |  17.3
            +---------+---------+-------+---------+---------+-------
        D:1 |      36 |       6 |  14.3 |      21 |       4 |  16.0
        D:2 |      39 |     267 |  87.3 |      10 |       2 |  16.7
        D:3 |      49 |      28 |  36.4 |      16 |       7 |  30.4
        D:4 |     120 |       0 |   0.0 |      15 |       0 |   0.0
            +---------+---------+-------+---------+---------+-------
